 Dungeon Crawl Stone Soup version 0.30-a0-587-gfd7c166f36 (webtiles) character file.

Game seed: 10394104715277527601

1986 M4edhros the Sneak (level 9, 0/56 (59) HPs)
             Began as an Octopode Artificer on Jan 4, 2023.
             Was a Follower of Cheibriados.
             Slain by a wight
             ... wielding a +3 falchion of freezing
              (4 damage)
             ... on level 8 of the Dungeon.
             The game lasted 00:08:49 (6432 turns).

M4edhros the Sneak (Octopode Artificer)             Turns: 6432, Time: 00:08:49

HP:   0/56 (59)     AC:  3    Str: 10 (12) XL:     9   Next: 21%
MP:   18/18         EV: 18    Int: 12 (13) God:    Cheibriados [*.....]
Gold: 18            SH:  5    Dex: 28      Spells: 8/8 levels left

rFire   . . .      SeeInvis .      - Unarmed
rCold   . . .      Faith    .    (no shield)
rNeg    . . .      Spirit   .    (helmet restricted)
rPois   .          Reflect  +    A - amulet of reflection
rElec   .          Harm     .    B - +6 ring of dexterity
rCorr   .          Rampage  .    D - ring of magical power
Will    .....                    (no ring)
Stlth   +++++                    (no ring)
HPRegen 0.29/turn                (no ring)
MPRegen 0.16/turn                (no ring)
                                 (no ring)
                                 (no ring)

@: drained, very slow
A: almost no armour, amphibious, 8 rings, camouflage 1, gelatinous body 1,
(nimble swimmer 1), tentacles, iridescent scales 1, agile 1, deterioration 1,
dopey 1
a: Renounce Religion, Bend Time


You were on level 8 of the Dungeon.
You worshipped Cheibriados.
Cheibriados was aware of your devotion.
You visited 2 branches of the dungeon, and saw 9 of its levels.
You also visited: Sewer.

You collected 249 gold pieces.
You spent 231 gold pieces at shops.

Inventory:

Missiles
 f - 27 poisoned darts
Jewellery
 s - an amulet of faith
 u - an amulet of magic regeneration
 A - an amulet of reflection (around mantle)
 B - a +6 ring of dexterity (left tentacle)
 D - a ring of magical power (right tentacle)
Wands
 b - a wand of flame (9) (quivered)
 c - a wand of charming (6)
 d - a wand of iceblast (8)
Scrolls
 a - 2 scrolls of enchant weapon {unknown}
 e - 4 scrolls of teleportation {unknown}
 l - 2 scrolls of magic mapping {unknown}
 p - a scroll of poison {unknown}
 r - 4 scrolls of identify {unknown}
 v - a scroll of immolation {unknown}
 w - 2 scrolls of vulnerability {unknown}
 x - a scroll of enchant armour {unknown}
 y - a scroll of blinking {unknown}
 z - a scroll of noise {unknown}
 E - a scroll of fear {unknown}
Potions
 g - a potion of berserk rage
 h - a potion of invisibility {unknown}
 i - 5 potions of heal wounds
 j - 2 potions of magic {unknown}
 k - a potion of experience {unknown}
 m - a potion of cancellation {unknown}
 n - 2 potions of haste {unknown}
 o - a potion of brilliance {unknown}
 q - 4 potions of curing {unknown}
 t - a potion of flight {unknown}
 C - 2 potions of might


   Skills:
 + Level 4.7 Fighting
 + Level 5.2 Dodging
 + Level 6.9 Stealth
 * Level 6.7 Unarmed Combat
 + Level 6.1 Evocations


You had 8 spell levels left.
You didn't know any spells.
Your spell library contained the following spells:

 Spells                   Type           Power      Damage    Failure   Level
 Freeze                   Ice            0%         1d3       32%         1
 Sting                    Tmut/Pois      0%         1d3       32%         1
 Poisonous Vapours        Pois/Air       0%         N/A       45%         2
 Frozen Ramparts          Ice            0%         1d1       69%         3
 Gell's Gravitas          Tloc           0%         N/A       69%         3
 Hailstorm                Conj/Ice       0%         3d3       69%         3
 Lesser Beckoning         Tloc           0%         N/A       69%         3
 Teleport Other           Tloc           0%         N/A       69%         3
 Vhi's Electric Charge    Tloc/Air       0%         N/A       69%         3
 Ice Form                 Ice/Tmut       0%         N/A       97%         4
 Olgreb's Toxic Radiance  Pois           0%         N/A       97%         4
 Arcjolt                  Conj/Air       0%         1d10      100%        5
 Simulacrum               Ice/Necr       0%         N/A       100%        6
 Maxwell's Capacitive Co  Air            0%         ∞         100%        8


Dungeon Overview and Level Annotations

Branches:
Dungeon (8/15)             Temple (1/1) D:6           Sewer (visited)
   Lair: D:8-11

Altars:
Ashenzari
Cheibriados
Dithmenos
Elyvilon
Fedhas
Gozag
Hepliaklqana
Kikubaaqudgha
Makhleb
Nemelex Xobeh
Okawaru
Qazlal
Ru
Sif Muna
Trog
Uskayaw
Wu Jian
Xom
Zin
The Shining One

Shops:
D:4 !*


Innate Abilities, Weirdness & Mutations

You cannot wear most types of armour.
You are amphibious.
You can wear up to eight rings at the same time.
Your skin changes colour to match your surroundings (Stealth+).
Your rubbery body absorbs attacks. (AC +1, EV +1)
((You are camouflaged when in or above water. (Stealth+)))
You have tentacles for arms and can constrict up to eight enemies at once.
You are partially covered in iridescent scales. (AC +2)
You are agile. (Dex +4, Str/Int -1)
Your body sometimes deteriorates upon taking damage.
You are dopey. (Int -2)


Message History

An orc comes into view. It is wielding a +0 club.
The wight hits you with a +5 trident! The wight completely misses you.
You tentacle-slap the wight. You grab the wight. You tentacle-slap the wight.
You squeeze the wight!
The wight is almost destroyed.
You constrict the wight, but do no damage.
The orc shouts!
You hear an angry buzzing noise.
The wight barely misses you.
You barely miss the wight.
You squeeze the wight, but do no damage.
The wight is almost destroyed.
You constrict the wight.
You destroy the wight!
Cheibriados appreciates the change of pace.
You tentacle-slap the wight but do no damage.
Your grab misses the wight. You squeeze the wight.
The wight is lightly damaged.
You tentacle-slap the wight but do no damage.
You grab the wight.
You tentacle-slap the wight, but do no damage.
The wight is lightly damaged.
You constrict the wight. The wight completely misses you.
You block the wight's attack.
A wight comes into view. It is wielding a +0 long sword.
You bludgeon the wight!
The wight is severely damaged.
You constrict the wight, but do no damage.
The wight hits you with a +3 falchion of freezing!
The wight freezes you.
* * * LOW HITPOINT WARNING * * *
The wight barely misses you.
You tentacle-slap the wight. Your grab misses the wight.
The wight is moderately damaged.
You constrict the wight.
The wight hits you with a +3 falchion of freezing!
* * * LOW HITPOINT WARNING * * *
You feel drained.
* * * LOW HITPOINT WARNING * * *
The wight freezes you.
You die...

...... .z....#
....... .......
..... ....z..##
#.... ........#
##... ......z.#
#...#
......z@###...#
.........##...#
....o.....#...#
##
......###.....#
##. ...[..
###...# ##..
.?.... ##..###
#... .....
##....### ##..
.....
#...##.>######
##..#####...###


You could see 4 wights and an orc.

Vanquished Creatures
  A wyvern (D:7)
  Eustachio (D:4)
  Menkaure (D:4)
  An orc warrior (D:7)
  2 ogres
  3 centaurs
  A phantom (D:3)
  A kobold brigand (Sewer)
  5 scorpions
  A bullfrog (D:7)
  2 necrophages
  A wight (D:8)
  2 howler monkeys
  A gnoll bouda (D:7)
  3 orc priests
  A hound (D:6)
  Jessica (D:2)
  2 orc wizards
  Ijyb (D:4)
  4 gnolls (D:7)
  4 river rats (Sewer)
  7 adders
  A white imp (D:6)
  2 ufetubi
  2 worms (D:3)
  5 orcs
  4 ball pythons
  4 bats
  6 endoplasms
  3 giant cockroaches
  4 goblins
  6 hobgoblins
  2 jackals (D:4)
  4 quokkas
  7 frilled lizards
  22 kobolds
  21 rats
139 creatures vanquished.

Vanquished Creatures (collateral kills)
  An adder (D:5)
  An orc (D:7)
2 creatures vanquished.

Vanquished Creatures (others)
  A wizard (D:3)
  An adder (D:3)
  An orc (D:3)
  A ball python (Sewer)
4 creatures vanquished.

Grand Total: 145 creatures vanquished

Notes
Turn   | Place    | Note
-------+----------+-------------------------------------------
     0 | D:1      | M4edhros the Octopode Artificer began the quest for the
                  | Orb.
     0 | D:1      | Reached XP level 1. HP: 13/13 MP: 1/1
   149 | D:3      | Noticed an orc wizard
   164 | D:3      | Killed an orc wizard
   165 | D:3      | Reached skill level 1 in Unarmed Combat
   165 | D:3      | Reached XP level 2. HP: 7/18 MP: 2/2
   165 | D:3      | Reached XP level 3. HP: 9/23 MP: 3/3
   531 | D:3      | Found a bloodstained altar of Trog.
   534 | D:3      | Noticed a wizard
   539 | D:3      | Killed a wizard
   624 | D:3      | Reached XP level 4. HP: 18/28 MP: 4/4
   667 | D:3      | Found a glowing drain.
   667 | D:3      | Noticed a phantom
   687 | Sewer    | Entered a sewer
  1096 | Sewer    | Reached XP level 5. HP: 27/34 MP: 5/5
  1429 | Sewer    | Noticed a kobold brigand
  1433 | Sewer    | Killed a kobold brigand
  1615 | D:3      | Killed a phantom
  1616 | D:3      | Reached XP level 6. HP: 37/41 MP: 6/6
  1779 | D:4      | Found Cyafasm's Assorted Antiques.
  1783 | D:4      | Noticed Menkaure
  1792 | D:4      | Killed Menkaure
  1808 | D:5      | Entered Level 5 of the Dungeon
  1902 | D:5      | Reached XP level 7. HP: 27/45 MP: 7/7
  1971 | D:4      | Noticed Eustachio
  2520 | D:6      | Found a staircase to the Ecumenical Temple.
  2611 | Temple   | Entered the Ecumenical Temple
  2774 | D:4      | Killed Eustachio
  2968 | D:2      | Reached skill level 5 in Evocations
  3111 | D:2      | Noticed Jessica
  3120 | D:2      | Killed Jessica
  3366 | D:1      | Reached skill level 5 in Stealth
  4125 | D:4      | Noticed Ijyb
  4144 | D:4      | Killed Ijyb
  4145 | D:4      | Reached XP level 8. HP: 48/52 MP: 8/8
  4171 | D:4      | Found Edydalem's Distillery.
  4220 | D:4      | Bought a potion of heal wounds for 55 gold pieces
  4220 | D:4      | Bought a potion of mutation for 88 gold pieces
  4220 | D:4      | Bought 2 potions of might for 88 gold pieces
  4220 | D:4      | Gained mutation: Your body sometimes deteriorates upon
                  | taking damage. [potion of mutation]
  4220 | D:4      | Gained mutation: You are partially covered in iridescent
                  | scales. (AC +2) [potion of mutation]
  4220 | D:4      | Gained mutation: You are dopey. (Int -2) [potion of
                  | mutation]
  4220 | D:4      | Gained mutation: You are agile. (Dex +4, Str/Int -1)
                  | [potion of mutation]
  4273 | D:4      | Reached skill level 5 in Unarmed Combat
  4781 | Temple   | Became a worshipper of Cheibriados the Contemplative
  5488 | D:7      | Noticed a wyvern
  5499 | D:7      | Killed a wyvern
  5601 | D:7      | Reached skill level 5 in Dodging
  5756 | D:7      | Reached XP level 9. HP: 28/59 MP: 9/9
  6257 | D:7      | Reached * piety under Cheibriados
  6432 | D:8      | Slain by a wight

Illustrated notes

Levels and vault maps discovered:
D:1:      matt_arrival_los_fun, layout_basic
D:2:      layout_basic, uniq_jessica
D:3:      layout_loops_ring, trog_wizard, cheibrodos_sewer_entry_drain
D:4:      layout_basic, serial_shops, nicolae_stop_n_shop_2, roderic_lattice_a,
          nicolae_stop_n_shop_2, uniq_menkaure, uniq_ijyb, uniq_eustachio
D:5:      layout_cave_pools, uniq_edmund
D:6:      layout_basic, minmay_temple_entry_glassed_door
D:7:      kennysheep_spiral_hall, layout_cave_pools, minmay_misc_feat_nine_boxes
D:8:      layout_cave_pods
Temple:   nicolae_temple_bog_church

Skill      XL: |  1  2  3  4  5  6  7  8 |
---------------+-------------------------+-----
Stealth        | 2 3 4 5 6 |  6.9
Unarmed Combat | 1 2 3 4 6 |  6.7
Dodging        | 3 4 5 |  5.2
Fighting       | 2 3 4 |  4.7
Evocations     | 4 5 6 |  6.1

Action                   |  1- 3 |  4- 6 |  7- 9 || total
-------------------------+-------+-------+-------++-------
Melee: Unarmed           |    50 |   107 |   195 ||   352
       Tentacles         |    14 |    24 |    56 ||    94
       Constrict         |    15 |    32 |    41 ||    88
       Punch             |       |     4 |     9 ||    13
Evoke: Wand              |     3 |     6 |    13 ||    22
  Use: Potion            |       |     2 |     1 ||     3
 Stab: Sleeping          |     2 |     6 |    22 ||    30
       Distracted        |       |       |     4 ||     4
       Betrayed ally     |       |       |     1 ||     1
Armor: Skin              |     3 |     8 |    17 ||    28
Dodge: Dodged            |    33 |    86 |   118 ||   237
Block: Other             |       |       |    20 ||    20
       Reflection        |       |       |     2 ||     2

Table legend: (Time is in decaauts)
 A = Elapsed time spent in this place.
 B = Non-inter-level travel time spent in this place.
 C = Inter-level travel time spent in this place.
 D = Time resting spent in this place.
 E = Time spent auto-exploring this place.
 F = Levels seen in this place.
 G = Mean time per level.
                   A        B        C        D        E       F      G
               +--------+--------+--------+--------+--------+-----+--------+
         Total |   6674 |   6232 |    442 |    329 |   4687 |  10 |  667.4 |
       Dungeon |   5590 |   5189 |    401 |    161 |   4058 |   8 |  698.8 |
        Temple |    156 |    116 |     40 |      0 |    101 |   1 |  156.0 |
         Sewer |    926 |    926 |      0 |    168 |    528 |   1 |  926.0 |
               +--------+--------+--------+--------+--------+-----+--------+

Top non-repeatable levels by time:
     D:4: 1258 daAuts
     D:7: 938 daAuts
   Sewer: 926 daAuts
     D:3: 873 daAuts
     D:6: 753 daAuts
     D:2: 677 daAuts
     D:5: 546 daAuts
     D:1: 370 daAuts
     D:8: 171 daAuts
  Temple: 156 daAuts
